 Dungeon Crawl Stone Soup version 0.30-a0-341-g682706514a (webtiles) character file.

Game seed: 3277588356490454092

64 MrRokkomies the Twirler (level 3, -1/32 HPs)
             Began as an Armataur Gladiator on Nov 3, 2022.
             Killed by nerve-wracking pain
             ... invoked by Grinder
              (14 damage)
             ... on level 2 of the Dungeon.
             The game lasted 00:02:15 (1637 turns).

MrRokkomies the Twirler (Armataur Gladiator)        Turns: 1637, Time: 00:02:16

Health: -1/32      AC:  7    Str: 21    XL:     3   Next: 91%
Magic:  3/3        EV:  9    Int:  8    God:
Gold:   98         SH:  5    Dex: 11    Spells: 2/2 levels left

rFire   . . .      SeeInvis .    a - +0 quarterstaff
rCold   . . .      Faith    .    (shield currently unavailable)
rNeg    . . .      Spirit   .    j - +0 ring mail
rPois   .          Reflect  +    c - +1 helmet
rElec   .          Harm     .    o - scarf {+Inv}
rCorr   .          Roll     +    (no gloves)
Will    .....                    (no barding)
Stlth   +.........               i - amulet of reflection
HPRegen 0.25/turn                (no ring)
MPRegen 0.08/turn                (no ring)

@: no status effects
A: large, rugged brown scales 3, deformed body, armoured tail, roll, long
tongue, awkward tongue
a: Evoke Invisibility


You were on level 2 of the Dungeon.
You visited 1 branch of the dungeon, and saw 3 of its levels.

You collected 168 gold pieces.
You spent 70 gold pieces at shops.

Inventory:

Hand Weapons
 a - a +0 quarterstaff (weapon)
Missiles
 d - 3 throwing nets (quivered)
 e - a javelin
Armour
 b - a +0 leather armour
 c - a +1 helmet (worn)
 j - a +0 ring mail (worn)
 o - a scarf of invisibility (worn)
Jewellery
 i - an amulet of reflection (around neck)
 p - a ring of wizardry
Scrolls
 g - a scroll of noise {unknown}
 l - a scroll of teleportation {unknown}
 q - a scroll of butterflies {unknown}
Potions
 f - a potion of flight
 h - a potion of curing
 k - a potion of mutation
 m - 2 potions of heal wounds
 n - a potion of haste


   Skills:
 * Level 2.6 Fighting
 - Level 2.6 Staves
 * Level 2.5 Throwing
 + Level 1.4 Armour
 + Level 2.5 Dodging


You had 2 spell levels left.
You didn't know any spells.
Your spell library was empty.

Dungeon Overview and Level Annotations

Branches:
Dungeon (3/15)

Altars:

Shops:
D:2 *

Annotations:
D:2 Grinder


Innate Abilities, Weirdness & Mutations

You are completely covered in rugged brown scales. (AC +3, +7% HP)
Armour fits poorly on your strangely shaped body.
You have a long armoured tail.
You roll when moving toward enemies. (Rampage)
Your long tongue fully drains potion bottles. (2x potion effects)
Your tongue gives you trouble enunciating. (1.5x scroll delay)


Message History

Where to? (Enter - D:2, ? - help)
There is a stone staircase leading down here.
You climb downwards.
The orc shouts!
The ball python hisses angrily.
You hear a shout!
Found 2 boomerangs and 26 gold pieces.
Found a stone staircase leading up.
There is a stone staircase leading up here.
There are monsters nearby!
You roll towards the ball python!
Grinder, an orc and an orc priest come into view.
Grinder shouts!
The orc priest shouts!
You hear a shout!
An orc wizard comes into view. It is wielding a +0 dagger.
Grinder moves out of view.
You closely miss the ball python.
The orc wizard shouts!
The ball python bites you but does no damage.
The orc priest calls down the wrath of Beogh upon you.
Beogh smites you!
You barely miss the ball python. The ball python barely misses you.
The orc priest invokes the aid of Beogh against you.
Beogh smites you!
The orc wizard mumbles some strange words.
The orc wizard flickers and vanishes!
Deactivating autopickup; reactivate with Ctrl-A.
The ball python bites you but does no damage.
Grinder blinks!
Grinder hits you.
There is a stone staircase leading up here.
The ball python bites you but does no damage.
Grinder hits you but does no damage.
You climb upwards.
Reactivating autopickup.
There is a stone staircase leading down here.
The ball python barely misses you. You block the ball python's attack.
Grinder blinks!
You sock the ball python!
You kill the ball python!
Grinder gestures at you. Pain shoots through your body!
You die...

#.# #.# #.# #.# #.# #.#
##'#### #.# #.....#
########## #.# #.....#
#........# #.# #.....#
#5######.# #†# ##'####
#.#.#..#.# #.# #)#
#@#....#.# #.#
#.#########†#.####.# #.#
#..................# #.#
################.########
#.#
................§)......#
#.#
#########..#..##.######.#
#.# ##...##.##.#### #.#
#.# #............)###.#
#.#
#.#......)..#...#.###.#


You could see Grinder.

Vanquished Creatures
  Terence (D:2)
  A worm (D:2)
  2 ball pythons
  3 endoplasms
  2 giant cockroaches
  7 goblins
  4 hobgoblins
  2 kobolds
  3 quokkas (D:1)
  2 bats
  5 rats
32 creatures vanquished.

Notes
Turn   | Place    | Note
-------+----------+-------------------------------------------
     0 | D:1      | MrRokkomies the Armataur Gladiator began the quest for the
                  | Orb.
     0 | D:1      | Reached XP level 1. HP: 18/18 MP: 1/1
   140 | D:1      | Reached XP level 2. HP: 25/25 MP: 2/2
   482 | D:1      | Reached skill level 1 in Armour
   785 | D:2      | Noticed Terence
   796 | D:2      | Killed Terence
   797 | D:2      | Reached XP level 3. HP: 15/32 MP: 3/3
   876 | D:2      | Found a faded altar of an unknown god.
  1240 | D:2      | Found Mienota's General Store.
  1245 | D:2      | Bought a potion of heal wounds for 70 gold pieces
  1626 | D:3      | Noticed Grinder
  1637 | D:2      | Killed from afar by Grinder

Illustrated notes

Levels and vault maps discovered:
D:1:      shiori_arrival_maze, layout_basic, minmay_pentomino_x2
D:2:      layout_basic, shapermc_ecumenical_altar_mp_urbaneastern, serial_shops,
          nicolae_shop_crystal, uniq_terence
D:3:      layout_loops_ring, uniq_jessica, uniq_grinder

Skill      XL: |  1  2 |
---------------+-------+-----
Fighting       | 2 |  2.6
Throwing       | 2 |  2.5
Armour         | 1 |  1.4
Staves         | |  2.6
Dodging        | |  2.5

Action                   || total
-------------------------++-------
Melee: Quarterstaff      ||    74
       Tailslap          ||     8
Throw: Throwing net      ||     1
  Use: Scroll            ||     4
Armor: Leather armour    ||     4
       Ring mail         ||    14
Dodge: Dodged            ||    27
Block: Other             ||    14
       Reflection        ||     1

Table legend: (Time is in decaauts)
 A = Elapsed time spent in this place.
 B = Non-inter-level travel time spent in this place.
 C = Inter-level travel time spent in this place.
 D = Time resting spent in this place.
 E = Time spent auto-exploring this place.
 F = Levels seen in this place.
 G = Mean time per level.
                   A        B        C        D        E       F      G
               +--------+--------+--------+--------+--------+-----+--------+
         Total |   1651 |   1635 |     16 |     66 |   1349 |   3 |  550.3 |
       Dungeon |   1651 |   1635 |     16 |     66 |   1349 |   3 |  550.3 |
               +--------+--------+--------+--------+--------+-----+--------+

Top non-repeatable levels by time:
     D:2: 957 daAuts
     D:1: 686 daAuts
     D:3: 7 daAuts
